 Dungeon Crawl Stone Soup version 0.22-a0-603-gfc1114d (webtiles) character file.

183 sking99 the Insei (level 5, 0/45 HPs)
             Began as a Draconian Transmuter on July 7, 2018.
             Succumbed to an adder's poison
             ... on level 3 of the Dungeon.
             The game lasted 00:07:23 (3509 turns).

sking99 the Insei (Draconian Transmuter)            Turns: 3509, Time: 00:07:23

Health: 0/45       AC:  5    Str: 11 (12) XL:     5   Next: 35%
Magic:  7/8        EV: 17    Int: 12 (14) God:
Gold:   62         SH:  0    Dex: 16 (17) Spells: 5/8 levels left

rFire    . . .     SeeInvis .     - Unarmed
rCold    . . .     Gourm    .   (no shield)
rNeg     . . .     Faith    .   (armour unavailable)
rPois    .         Spirit   .   (helmet restricted)
rElec    .         Reflect  .   (no cloak)
rCorr    .         Harm     .   (no gloves)
MR       .....                  (no boots)
Stlth    ++........             (no amulet)
HPRegen  0.15/turn              (no ring)
MPRegen  0.11/turn              (no ring)

@: agile, lethally poisoned (0 -> -1), hasted, drained, very quick
A: unfitting armour, cold-blooded, AC +5
a: no special abilities


You were on level 3 of the Dungeon.
You were very hungry.

You visited 1 branch of the dungeon, and saw 4 of its levels.

You collected 62 gold pieces.

Inventory:

Missiles
 a - 37 arrows
Armour
 i - a +0 buckler
Jewellery
 j - a cursed ring of teleportation {unknown}
 r - a cursed ring of loudness {unknown}
Wands
 s - a wand of scattershot (5)
Scrolls
 b - 4 scrolls of immolation {unknown}
 e - 2 scrolls of remove curse {unknown}
 g - 2 scrolls of enchant weapon {unknown}
 h - a scroll of fear {unknown}
 k - 4 scrolls of identify {unknown}
 l - 3 scrolls of teleportation {unknown}
 n - a scroll of fog {unknown}
Potions
 d - a potion of degeneration
 o - a potion of curing {unknown}
 p - a potion of heal wounds {unknown}
 q - a potion of might {unknown}
 t - a potion of haste
Comestibles
 c - 6 rations


   Skills:
 + Level 3.1(3.0) Fighting
 - Level 1.7(1.6) Dodging
 * Level 5.0(4.9) Unarmed Combat
 - Level 2.0(1.9) Spellcasting
 + Level 2.9(2.8) Transmutations


You had 5 spell levels left.
You knew the following spells:

 Your Spells              Type           Power        Failure   Level  Hunger
a - Beastly Appendage     Tmut           #.....       9%          1    ##.....
b - Sticks to Snakes      Tmut           #.......     13%         2    ###....

Your spell library contained the following spells:

 Spells                   Type           Power        Failure   Level  Hunger
 Spider Form              Tmut/Pois      #.........   43%         3    ####...
 Blade Hands              Tmut           #.........   94%         5    ######.
 Ice Form                 Ice/Tmut       #.......     83%         4    #####..


Dungeon Overview and Level Annotations

Branches:
Dungeon (4/15)
 Temple: D:4-7

Altars:
Ashenzari
Cheibriados
Elyvilon


Innate Abilities, Weirdness & Mutations

Your plain brown scales are hard. (AC +5)
You cannot fit into any form of body armour.
You are cold-blooded and may be slowed by cold attacks.


Message History

The gnoll hits you with a spear!
* * * LOW HITPOINT WARNING * * *
You hit the gnoll.
You tail-slap the gnoll, but do no damage.
The gnoll is moderately wounded.
You feel sick. The gnoll closely misses you.
You hit the gnoll.
You tail-slap the gnoll, but do no damage.
The gnoll is heavily wounded.
The gnoll closely misses you.
You closely miss the gnoll.
The gnoll is heavily wounded.
The gnoll hits you with a spear!
* * * LOW HITPOINT WARNING * * *
Unknown command.
It was a potion of agility.
You feel agile all of a sudden. The gnoll barely misses you.
It was a potion of haste.
You feel yourself speed up.
You die...

.###################..........#.#
..................##...######.#.#
.####.#######.###.##...######.#.#
.# #..........# #.##..........#<#
.# #..###.###.# #.##..#####...###
.# #.....)# #.# #.....# #....# .#
#..###.# #.# #.##..# #....#
.###..###.###รท###.##..#####....##
..........##>).g@................
####.###.###).##..##.######....).
#.# #.# #..#................##
#.###.###..#..##########.##.##
#.............................
########.#.#..##########.##.## ###
#.#.#..# ##.....# #.# #.#.#..#
####'#.##.## #.## #.#.#..#
#......##...


You could see a gnoll.

Vanquished Creatures
  A howler monkey (D:3)
  2 gnolls (D:3)
  4 adders
  2 worms (D:2)
  A dart slug (D:3)
  4 leopard geckos
  7 bats
  6 giant cockroaches
  10 goblins
  4 hobgoblins
  4 jackals (D:3)
  2 quokkas
  A ball python (D:3)
  6 frilled lizards
  10 kobolds
  8 rats
72 creatures vanquished.

Vanquished Creatures (collateral kills)
  2 adders (D:3)
  A frilled lizard (D:3)
3 creatures vanquished.

Grand Total: 75 creatures vanquished

Notes
Turn   | Place    | Note
-------+----------+-------------------------------------------
     0 | D:1      | sking99 the Draconian Transmuter began the quest for the Orb.
     0 | D:1      | Reached XP level 1. HP: 16/16 MP: 3/3
    89 | D:1      | Reached XP level 2. HP: 23/23 MP: 5/5
   868 | D:2      | Reached XP level 3. HP: 29/29 MP: 6/6
   872 | D:2      | Learned a level 2 spell: Sticks to Snakes
   987 | D:2      | Reached skill level 4 in Unarmed Combat
  1009 | D:2      | HP: 1/29 [frilled lizard (1)]
  1543 | D:2      | Found a faded altar of an unknown god.
  1936 | D:2      | Reached XP level 4. HP: 23/37 MP: 3/7
  2075 | D:2      | Found a shattered altar of Ashenzari.
  2367 | D:3      | You fall through a shaft!
  2590 | D:3      | Found a white marble altar of Elyvilon.
  2813 | D:3      | Found a snail-covered altar of Cheibriados.
  3141 | D:3      | Reached XP level 5. HP: 7/45 MP: 6/8
  3151 | D:3      | HP: 2/45 [poisoned by a gnoll]
  3158 | D:3      | HP: 2/45 [poisoned by a gnoll]
  3166 | D:3      | HP: 1/45 [poisoned by a gnoll]
  3501 | D:3      | Reached skill level 5 in Unarmed Combat
  3507 | D:3      | HP: 1/45 [gnoll/spear (10)]
  3509 | D:3      | Succumbed to an adder's poison

Vault maps used:
D:1:      minmay_arrival_cross
D:2:      marbit_many_paths, chequers_ecumenical_altar_grove,
          minmay_misc_feat_encased
D:3:      kennysheep_slug_shrine, old_standard_altar
D:4:      gup_sewer_entry_bubbles

Skill      XL: |  1  2  3  4  5 |
---------------+----------------+-----
Fighting       | 2 3 |  3.1
Unarmed Combat | 4 5 |  5.0
Dodging        | |  1.7
Spellcasting   | |  2.0
Transmutations | |  2.9

Action                   |  1- 3 |  4- 6 || total
-------------------------+-------+-------++-------
Melee: Unarmed           |   205 |   135 ||   340
       Tailslap          |    18 |     9 ||    27
       Kick              |     2 |       ||     2
       Punch             |     1 |       ||     1
 Cast: Sticks to Snakes  |     5 |     2 ||     7
       Beastly Appendage |     3 |       ||     3
  Use: Potion            |     2 |     3 ||     5
 Stab: Sleeping          |     1 |     1 ||     2
  Eat: Chunk             |     3 |     5 ||     8
Armor: Skin              |    72 |    49 ||   121
Dodge: Dodged            |   143 |   107 ||   250

Table legend:
 A = Spawn XP
 B = Non-spawn XP
 C = Spawn XP percentage of total XP
 D = Spawn monster count
 E = Non-spawn monster count
 F = Spawn count percentage of total count
 G = Total turns spent on level
                    A         B        C        D         E        F      G
               +---------+---------+-------+---------+---------+-------+---------
         Total |       0 |     262 |   0.0 |       0 |      75 |   0.0 |  3509
               +---------+---------+-------+---------+---------+-------+---------
           D:1 |       0 |      38 |   0.0 |       0 |      23 |   0.0 |  1068
           D:2 |       0 |      64 |   0.0 |       0 |      22 |   0.0 |  1157
           D:3 |       0 |     160 |   0.0 |       0 |      30 |   0.0 |  1264
               +---------+---------+-------+---------+---------+-------+---------
